 Dungeon Crawl Stone Soup version 0.26-a0-1060-g086102a3f0 (webtiles) character file.

Game seed: 4901636896851135010

21 sokol815 the Skirmisher (level 2, -6/27 HPs)
             Began as a Draconian Fighter on Dec 13, 2020.
             Killed by nerve-wracking pain
             ... invoked by Jessica
              (13 damage)
             ... on level 1 of the Dungeon.
             The game lasted 00:01:55 (1172 turns).

sokol815 the Skirmisher (Draconian Fighter)         Turns: 1172, Time: 00:01:56

Health: -6/27      AC:  4    Str: 18    XL:     2   Next: 65%
Magic:  2/2        EV: 10    Int:  8    God:
Gold:   75         SH:  8    Dex: 10    Spells: 1/1 levels left

rFire    . . .     SeeInvis .   a - +0 long sword
rCold    . . .     Faith    .   b - +0 kite shield
rNeg     . . .     Spirit   .   (armour unavailable)
rPois    .         Reflect  .   (helmet restricted)
rElec    .         Harm     .   e - scarf {shadows}
rCorr    .         Rampage  .   (no gloves)
Will     .....     Rnd*Tele +   (no boots)
Stlth    +.........             (no amulet)
HPRegen  0.09/turn              o - ring of teleportation (curse)
MPRegen  0.08/turn              (no ring)

@: mighty
A: unfitting armour, cold-blooded, AC +4
a: no special abilities


You were on level 1 of the Dungeon.
You visited 1 branch of the dungeon, and saw 2 of its levels.

You collected 75 gold pieces.

Inventory:

Hand Weapons
 a - a +0 long sword (weapon)
 h - a +0 dagger
Missiles
 d - 32 sling bullets
 f - 39 stones (quivered)
 k - 13 bolts
 p - 8 boomerangs
 q - a throwing net
Armour
 b - a +0 kite shield (worn)
 e - a scarf of shadows (worn)
Jewellery
 o - a cursed ring of teleportation (left hand)
Scrolls
 i - 4 scrolls of identify
 j - a scroll of teleportation
 m - a scroll of enchant armour {unknown}
 n - a scroll of enchant weapon {unknown}
Potions
 g - a potion of magic
 l - a potion of attraction {unknown}


   Skills:
 + Level 3.7 Fighting
 * Level 2.9 Long Blades
 - Level 2.6 Dodging
 - Level 3.0 Shields


You had one spell level left.
You didn't know any spells.
Your spell library was empty.

Dungeon Overview and Level Annotations

Branches:
Dungeon (2/15)

Altars:

Annotations:
D:1 Jessica


Innate Abilities, Weirdness & Mutations

Your plain brown scales are hard. (AC +4)
You cannot fit into any form of body armour.
You are cold-blooded and may be slowed by cold attacks.


Message History

You see here a throwing net.
q - a throwing net The gnoll hits you from afar with a +0 halberd.
There is a stone staircase leading up here.
Jessica grins evilly.
Jessica gestures at you while chanting. Pain shoots through your body!
The gnoll hits you with a +0 halberd!
* * * LOW HITPOINT WARNING * * *
There is a stone staircase leading up, spattered with blood here.
The gnoll closely misses you.
You climb upwards.
There is a stone staircase leading down here.
You feel very mighty all of a sudden. You block Jessica's attack.
The gnoll closely misses you.
You slash the gnoll!
You kill the gnoll!
Jessica gestures at you while chanting. Pain shoots through your body!
You die...

################ #.#.#.##......P
...............# #.#.#..........
###########....# #.#.#..#.†....P
# #....# #.#>#..#.####.. #
#....####.#.#..#.# #.. ######
###.........#.####.# #.. .....#
#......###..#.^....# #..
####.####......###..#.#########..
...............#@@...............
####.####...#.##)#..............P
# #.# #...#.##...###########... #
#.# #...#.###### #... # #.#
#...#.# #... #
#.####...#.################... #
#.............................
#########....###############.....
.............#...#...#...# #.##..


You could see Jessica.

Vanquished Creatures
  A gnoll (D:1)
  An ooze (D:1)
  A dart slug (D:1)
  3 bats (D:1)
  2 goblins (D:1)
  2 hobgoblins (D:1)
  2 frilled lizards (D:1)
  5 rats
17 creatures vanquished.

Notes
Turn   | Place    | Note
-------+----------+-------------------------------------------
     0 | D:1      | sokol815 the Draconian Fighter began the quest for the Orb.
     0 | D:1      | Reached XP level 1. HP: 19/19 MP: 1/1
   583 | D:1      | Reached XP level 2. HP: 20/26 MP: 2/2
  1098 | D:2      | Noticed Jessica
  1172 | D:1      | Killed from afar by Jessica

Illustrated notes

Levels and vault maps discovered:
D:1:      minmay_arrival_nine_rooms, layout_basic, kennysheep_boxes
D:2:      layout_loops_ring, lemuel_altar_in_water, uniq_jessica, uniq_sigmund

Action                   || total
-------------------------++-------
Melee: Long sword        ||    39
       Tailslap          ||     3
  Use: Scroll            ||     2
       Potion            ||     1
 Stab: Sleeping          ||     1
Armor: Skin              ||     6
Dodge: Dodged            ||    21
Block: Kite shield       ||    21
       Rpst.: Long sword ||     8

Table legend: (Time is in decaauts)
 A = Elapsed time spent in this place.
 B = Non-inter-level travel time spent in this place.
 C = Inter-level travel time spent in this place.
 D = Time resting spent in this place.
 E = Time spent auto-exploring this place.
 F = Levels seen in this place.
 G = Mean time per level.
                   A        B        C        D        E       F      G
               +--------+--------+--------+--------+--------+-----+--------+
         Total |   1186 |   1169 |     17 |     36 |    957 |   2 |  593.0 |
       Dungeon |   1186 |   1169 |     17 |     36 |    957 |   2 |  593.0 |
               +--------+--------+--------+--------+--------+-----+--------+

Top non-repeatable levels by time:
     D:1: 1155 daAuts
     D:2: 30 daAuts
